 Dungeon Crawl Stone Soup version 0.27.0-1-g7a089689b8 (webtiles) character file.

Game seed: 13487633976238830753

38 x13thangelx the Covert (level 3, -3/19 HPs)
             Began as a Spriggan Delver on Aug 2, 2021.
             Slain by a hound (5 damage)
             ... on level 5 of the Dungeon.
             The game lasted 00:00:25 (38 turns).

x13thangelx the Covert (Spriggan Delver)              Turns: 38, Time: 00:00:26

Health: -3/19      AC:  2    Str:  8    XL:     3   Next: 25%
Magic:  4/4        EV: 17    Int: 11    God:
Gold:   15         SH:  0    Dex: 17    Spells: 2/2 levels left

rFire    . . .     SeeInvis +   a - +0 short sword
rCold    . . .     Faith    .   (shield restricted)
rNeg     . . .     Spirit   .   b - +0 robe
rPois    .         Reflect  .   (helmet restricted)
rElec    .         Harm     .   (no cloak)
rCorr    .         Rampage  .   (gloves unavailable)
Will     .....                  (boots unavailable)
Stlth    ++++......             (no amulet)
HPRegen  0.06/turn              (no ring)
MPRegen  0.09/turn              (no ring)

@: very quick
A: very small, no large weapons, unfitting armour, see invisible, speed 3
a: no special abilities


You were on level 5 of the Dungeon.
You visited 1 branch of the dungeon, and saw 1 of its levels.

You collected 15 gold pieces.

Inventory:

Hand Weapons
 a - a +0 short sword (weapon)
Armour
 b - a +0 robe (worn)
Wands
 g - a wand of digging (3)
Scrolls
 c - a scroll of fog
 d - a scroll of magic mapping
 e - a scroll of fear
Potions
 f - a potion of haste
 h - a potion of lignification {unknown}


   Skills:
 + Level 2.6 Fighting
 + Level 2.3 Short Blades
 + Level 2.8 Dodging
 + Level 8.5 Stealth


You had 2 spell levels left.
You didn't know any spells.
Your spell library was empty.

Dungeon Overview and Level Annotations

Branches:
Dungeon (5/15)
 Temple: D:4-7

Altars:


Innate Abilities, Weirdness & Mutations

You are very small and have problems with some larger weapons.
You are too small for most types of armour.
You have supernaturally acute eyesight. (SInv)
You cover ground extremely quickly. (Speed+++)


Message History

The hound closely misses you. x2
You hit the hound but do no damage.
The hound is lightly wounded.
The hound barely misses you.
You hit the hound.
The hound is heavily wounded.
The hound bites you but does no damage. The hound barely misses you.
You closely miss the hound.
The hound is heavily wounded.
The hound bites you but does no damage.
You miss the hound.
The hound is heavily wounded.
The hound bites you. x2
You closely miss the hound.
The hound is heavily wounded.
The hound misses you.
You hit the hound.
The hound is heavily wounded.
The hound bites you. The hound misses you.
You miss the hound.
The hound is heavily wounded.
The hound bites you.
You closely miss the hound.
The hound is heavily wounded.
The hound misses you. The hound closely misses you.
You hit the hound but do no damage.
The hound is heavily wounded.
The hound barely misses you.
You hit the hound.
The hound is almost dead.
The hound closely misses you. The hound bites you.
You miss the hound.
The hound is almost dead.
The hound completely misses you.
You hit the hound but do no damage.
The hound is almost dead.
The hound bites you.
* * * LOW HITPOINT WARNING * * *
The hound bites you.
You die...

.........#..............
.........#..............
.........#..............
.........#..............
........................
#....†.............
#..................
#..................
#.@...#....#.......
#.h...#....######..
.......#...... ..
###.....######## ..
#.....# . #.....#
#.....# #.....#


You could see a hound.

Vanquished Creatures
  A howler monkey (D:5)
1 creature vanquished.

Notes
Turn   | Place    | Note
-------+----------+-------------------------------------------
     0 | D:5      | x13thangelx the Spriggan Delver began the quest for the
                  | Orb.
     0 | D:5      | Reached XP level 1. HP: 11/11 MP: 2/2
     8 | D:5      | Noticed a howler monkey
    13 | D:5      | Noticed a hound
    16 | D:5      | Killed a howler monkey
    17 | D:5      | Reached skill level 8 in Stealth
    17 | D:5      | Reached XP level 2. HP: 16/16 MP: 3/3
    17 | D:5      | Reached XP level 3. HP: 19/19 MP: 4/4
    38 | D:5      | Slain by a hound

Illustrated notes

Levels and vault maps discovered:
D:5:      layout_basic, pdpol_wu_jian_five_deadly_venoms, lemuel_tele_altar,
          uniq_prince_ribbit1

Skill      XL: |  1 |
---------------+----+-----
Stealth        | 8 |  8.5
Fighting       | |  2.6
Short Blades   | |  2.3
Dodging        | |  2.8

Action                   || total
-------------------------++-------
Melee: Short sword       ||    15
 Stab: Sleeping          ||     1
Armor: Robe              ||     2
Dodge: Dodged            ||    12
